 Dungeon Crawl Stone Soup version 0.21-a0-196-g6a663c0 (webtiles) character file.

12125 Ijustatesigmund the Cruncher (level 12, 0/97 HPs)
             Began as a Formicid Fighter on Aug 15, 2017.
             Was an Elder of Okawaru.
             Slain by a very large slime creature (55 damage)
             ... on level 15 of the Dungeon.
             The game lasted 00:30:53 (12399 turns).

Ijustatesigmund the Cruncher (Formicid Fighter)    Turns: 12399, Time: 00:30:53

Health: 0/97       AC: 16    Str: 25    XL:     12   Next: 16%
Magic:  16/16      EV:  8    Int:  7    God:    Okawaru [****..]
Gold:   539        SH: 12    Dex: 14    Spells: 11/11 levels left

rFire    . . .     SeeInvis +   a - +1 quarterstaff
rCold    + + +     Gourm    +   c - +1 shield
rNeg     . . .     Faith    .   K - +0 ice dragon scales
rPois    .         Spirit   .   (helmet unavailable)
rElec    .         Reflect  .   (no cloak)
rCorr    .         Harm     .   n - +1 pair of gloves
MR       +....                  (no boots)
Stlth    ..........             k - amulet of the gourmand
HPRegen  0.26/turn              t - +1 ring of protection
MPRegen  0.15/turn              r - ring of protection from fire

@: no status effects
A: permanent stasis, dig shafts and tunnels, four strong arms, antennae 3, cold
resistance 1, strong 1, wild magic 1
a: Dig, Shaft Self, Heroism, Renounce Religion


You were on level 15 of the Dungeon.
You worshipped Okawaru.
Okawaru was greatly pleased with you.
You were very full.

You visited 2 branches of the dungeon, and saw 14 of its levels.

You collected 539 gold pieces.

Inventory:

Hand Weapons
 a - a +1 quarterstaff (weapon)
Missiles
 g - 2 javelins (quivered)
 M - 2 steel javelins
Armour
 b - a +0 chain mail
 c - a +1 shield (worn)
 n - a +1 pair of gloves (worn)
 K - +0 ice dragon scales (worn)
Jewellery
 k - an amulet of the gourmand (around neck)
 r - a ring of protection from fire (right hand)
 t - a +1 ring of protection (left hand)
 w - an uncursed ring of ice
 y - an uncursed ring of protection from magic
 A - an uncursed ring of positive energy
Wands
 p - a wand of acid (8/15)
 u - a wand of flame (17/48)
 C - a wand of confusion (19/48)
 F - a wand of polymorph (6/24)
 G - a wand of polymorph (6/24)
 L - a wand of random effects (23/48)
Scrolls
 h - 3 scrolls of identify
 i - a scroll of fog
 m - 2 scrolls of recharging
 v - 3 scrolls of remove curse
 x - a scroll of amnesia
 I - a scroll of immolation
Potions
 e - 3 potions of agility
 o - 4 potions of brilliance
 q - a potion of curing
 z - a potion of flight
 B - a potion of might
 E - a potion of cancellation
 H - 2 potions of heal wounds
 J - a potion of resistance
Books
 d - a book of Misfortune

   Spells                             Type                      Level
   a - Confusing Touch                Hexes                        1
   b - Confuse                        Hexes                        3
   c - Gell's Gravitas                Translocation                3
   d - Petrify                        Transmutation/Earth          4
   e - Metabolic Englaciation         Hexes/Ice                    5
   f - Yara's Violent Unravelling     Hexes/Transmutation          5
 D - a book of Flames

   Spells                             Type                      Level
   a - Flame Tongue                   Conjuration/Fire             1
   b - Throw Flame                    Conjuration/Fire             2
   c - Conjure Flame                  Conjuration/Fire             3
   d - Inner Flame                    Hexes/Fire                   3
   e - Sticky Flame                   Conjuration/Fire             4
   f - Fireball                       Conjuration/Fire             5
Comestibles
 f - 9 bread rations
 j - 2 meat rations
 l - 2 royal jellies
 s - 4 fruits


   Skills:
 + Level 10.2 Fighting
 * Level 12.2 Staves
 - Level 3.0 Throwing
 - Level 9.3 Armour
 - Level 6.1 Shields
 + Level 6.5 Invocations


You had 11 spell levels left.
You didn't know any spells.

Dungeon Overview and Level Annotations

Branches:
Dungeon (11/15)            Temple (1/1) D:6            Lair (0/6) D:10
    Orc (0/2) D:10

Altars:
Ashenzari
Cheibriados
Dithmenos
Elyvilon
Fedhas
Gozag
Hepliaklqana
Kikubaaqudgha
Makhleb
Nemelex Xobeh
Okawaru
Qazlal
Ru
Sif Muna
Trog
Uskayaw
Vehumet
Wu Jian
Xom
Yredelemnul
Zin
The Shining One


Innate Abilities, Weirdness & Mutations

You cannot be hasted, slowed, berserked, paralysed or teleported.
You can dig through walls and to a lower floor.
Your four strong arms can wield two-handed weapons with a shield.
You have a pair of large antennae on your head. (SInv)
Your flesh is cold resistant. (rC+)
Your muscles are strong. (Str +2)
Your spells are a little harder to cast, but a little more powerful.


Message History

You sock the very large slime creature!
The very large slime creature is heavily wounded.
You thump the very large slime creature!
The very large slime creature is severely wounded.
You hit the very large slime creature.
The very large slime creature is severely wounded.
The very large slime creature barely misses you.
You thump the very large slime creature!
The very large slime creature is severely wounded.
The very large slime creature hits you!!
You bludgeon the very large slime creature!!
The very large slime creature is severely wounded.
You sock the very large slime creature!
The very large slime creature is almost dead.
The very large slime creature hits you!
You sock the very large slime creature!
The very large slime creature is almost dead.
The very large slime creature hits you!!!
Ouch! That really hurt!
You die...

#.###.#.#........
#.##..##.........
#.#.#..##.###.###
#.##.#.#..# #..##
#.###)..#.# ##.##
#.####.##.####.## .
#.....(..........
....####...##.#######...
((.('(J@................
....####...##.#######...
. ##.###.# #.#. ### #.#
#.## #.# #.# .# ####.##
#...... #.#..## #.#.###


You could see a very large slime creature.

Vanquished Creatures
  An ice dragon (D:15)
  3 two-headed ogres
  Pikel (D:7)
  A cyclops (D:15)
  An oklob plant (D:10)
  A centaur zombie (D:9)
  A troll (D:15)
  A hornet (D:9)
  3 hippogriffs
  A tarantella (shapeshifter) (D:15)
  A spriggan (D:8)
  6 yaks
  2 hungry ghosts
  Edmund (D:5)
  A water moccasin (D:6)
  2 ice beasts
  A sky beast (D:9)
  5 black bears
  5 orc warriors
  A phantom (D:7)
  7 ogres
  5 centaurs
  4 big kobolds
  Blork the orc (D:5)
  3 bullfrogs
  3 scorpions
  4 killer bees (D:6)
  8 wights
  5 electric eels (D:9)
  3 howler monkeys
  2 crimson imps (D:8)
  5 jellies
  2 quasits
  A bullfrog zombie (D:8)
  4 hounds
  7 orc priests
  5 bullfrog skeletons
  4 iguanas
  2 centaur skeletons
  4 orc wizards
  3 worker ants
  A killer bee zombie (D:4)
  A hound skeleton (D:6)
  2 worker ant zombies
  2 gnolls (D:2)
  13 adders
  2 shadow imps
  An ooze (D:5)
  2 worms
  3 dart slugs (D:1)
  6 leopard geckos
  45 orcs
  8 bats
  6 goblins
  7 hobgoblins
  4 jackals (D:1)
  5 quokkas
  2 ball pythons (D:2)
  6 frilled lizards
  24 kobolds
  A leopard gecko skeleton (D:6)
  2 leopard gecko zombies
  A quokka skeleton (D:6)
  A quokka zombie (D:10)
  9 rats
  2 plants (D:10)
277 creatures vanquished.

Vanquished Creatures (others)
  An orc warrior (D:6)
  A slave (D:6)
  A quokka (D:15)
  A quokka skeleton (D:6)
4 creatures vanquished.

Grand Total: 281 creatures vanquished

Notes
Turn   | Place    | Note
-------+----------+-------------------------------------------
     0 | D:1      | Ijustatesigmund the Formicid Fighter began the quest for the Orb.
     0 | D:1      | Reached XP level 1. HP: 18/18 MP: 1/1
    44 | D:1      | Reached XP level 2. HP: 13/24 MP: 2/2
   417 | D:1      | Reached XP level 3. HP: 30/30 MP: 3/3
   885 | D:2      | Found a sacrificial altar of Ru.
   903 | D:2      | Reached skill level 3 in Staves
   903 | D:2      | Reached XP level 4. HP: 24/37 MP: 4/4
  1566 | D:2      | Reached XP level 5. HP: 39/42 MP: 5/5
  2259 | D:3      | Reached skill level 5 in Shields
  2335 | D:4      | Reached skill level 4 in Staves
  2335 | D:4      | Reached XP level 6. HP: 37/49 MP: 6/6
  2353 | D:4      | Found a blossoming altar of Fedhas.
  2361 | D:4      | Found a stormy altar of Qazlal.
  2523 | D:4      | Noticed an ogre
  2533 | D:4      | Killed an ogre
  2763 | D:4      | Reached skill level 5 in Fighting
  2849 | D:4      | Noticed an ogre
  2855 | D:4      | Killed an ogre
  2855 | D:4      | Reached skill level 5 in Staves
  2855 | D:4      | Reached XP level 7. HP: 56/56 MP: 7/7
  3192 | D:4      | Found a blossoming altar of Fedhas.
  3330 | D:5      | Entered Level 5 of the Dungeon
  3356 | D:5      | Noticed Blork the orc
  3373 | D:5      | Killed Blork the orc
  3904 | D:5      | Reached XP level 8. HP: 64/64 MP: 8/8
  4010 | D:5      | Noticed Edmund
  4044 | D:5      | Killed Edmund
  4044 | D:5      | Reached skill level 6 in Staves
  4429 | D:6      | Reached skill level 7 in Staves
  4486 | D:6      | Noticed a two-headed ogre
  4494 | D:6      | Killed a two-headed ogre
  4494 | D:6      | Reached skill level 8 in Staves
  4494 | D:6      | Reached skill level 5 in Armour
  4494 | D:6      | Reached XP level 9. HP: 36/72 MP: 9/9
  4900 | D:6      | Noticed a two-headed ogre
  4907 | D:6      | Killed a two-headed ogre
  4907 | D:6      | Reached skill level 9 in Staves
  4907 | D:6      | Reached skill level 1 in Throwing
  4907 | D:6      | Reached XP level 10. HP: 43/80 MP: 10/10
  5162 | D:6      | Noticed Pikel
  5231 | D:7      | Killed Pikel
  5698 | D:6      | Found a staircase to the Ecumenical Temple.
  5716 | Temple   | Entered the Ecumenical Temple
  6077 | D:6      | Found an ornate altar of the Wu Jian Council.
  6080 | D:6      | Found an iron altar of Okawaru.
  6084 | D:6      | Became a worshipper of Warmaster Okawaru
  6088 | D:6      | Found a glowing silver altar of Zin.
  6214 | D:7      | Got an ichor-stained spear
  6226 | D:7      | Identified the +0 spear "Xomig" {flame, rPois Int+3} (You found it on level 7 of the Dungeon)
  6347 | D:7      | Reached skill level 1 in Invocations
  6498 | D:7      | Reached skill level 10 in Staves
  7207 | D:8      | Reached * piety under Okawaru
  7419 | D:8      | Found a hazy altar of Hepliaklqana.
  7479 | D:8      | Found a basalt altar of Yredelemnul.
  7479 | D:8      | Found a snail-covered altar of Cheibriados.
  8060 | D:9      | Reached ** piety under Okawaru
  8060 | D:9      | Reached XP level 11. HP: 68/87 MP: 13/13
  8169 | D:9      | Found a blossoming altar of Fedhas.
  8593 | D:9      | Reached skill level 11 in Staves
  9567 | D:10     | Entered Level 10 of the Dungeon
  9567 | D:10     | Found a staircase to the Orcish Mines.
  9731 | D:9      | Reached *** piety under Okawaru
  9808 | D:9      | Gained mutation: Your spells are a little harder to cast, but a little more powerful. [mutagenic meat]
  9809 | D:9      | Gained mutation: Your flesh is cold resistant. (rC+) [mutagenic meat]
  9810 | D:9      | Gained mutation: Your muscles are strong. (Str +2) [mutagenic meat]
 10244 | D:10     | Found a staircase to the Lair.
 10246 | D:10     | Noticed an oklob plant
 10284 | D:9      | Reached skill level 5 in Invocations
 10778 | D:10     | Killed an oklob plant
 10913 | D:11     | Reached **** piety under Okawaru
 10913 | D:11     | Received a gift from Okawaru
 10943 | D:11     | You fall through a shaft for 3 floors!
 10990 | D:14     | Noticed a centaur warrior
 10996 | D:14     | Noticed a manticore
 11000 | D:14     | Noticed a red ugly thing
 11001 | D:14     | You fall through a shaft!
 11001 | D:15     | Entered Level 15 of the Dungeon
 11127 | D:15     | Noticed a cyclops
 11151 | D:15     | Killed a cyclops
 11264 | D:15     | Found a white marble altar of Elyvilon.
 11288 | D:15     | Noticed a two-headed ogre
 11306 | D:15     | Killed a two-headed ogre
 11756 | D:15     | Reached skill level 10 in Fighting
 11978 | D:15     | Noticed an ice dragon
 11997 | D:15     | Killed an ice dragon
 11997 | D:15     | Reached skill level 12 in Staves
 11997 | D:15     | Reached XP level 12. HP: 48/97 MP: 14/16
 12399 | D:15     | Slain by a very large slime creature

Vault maps used:
D:1:      scummos_arrival_forest, corexii_leaking_fountain
D:2:      nicolae_ru_great_annihilating_truth, grunt_ministairs_11
D:4:      grunt_temple_overflow_forces_of_nature, fedhas_altar_3
D:5:      first_bread, uniq_edmund, uniq_blork_the_orc
D:6:      grunt_temple_overflow_diamond, minmay_temple_entry_hall, uniq_pikel
D:8:      gammafunk_temple_overflow_statue, lemuel_doored_altar, the_bakery
D:9:      serial_bayou, serial_bayou_shore_a, serial_bayou_pond_a,
          serial_bayou_ford_a, serial_bayou_lagoon_a, basic_altar
D:10:     dpeg_oklobed_lair, orc_david_3
D:14:     david_vaults_2, hangedman_decor_push, hangedman_abyss_or_decor_stagger
D:15:     grunt_enter_depths_snipers, elyvilon_altar_4, bh_walls_and_bars
Temple:   cyrus_circular_temple

Skill      XL: |  1  2  3  4  5  6  7  8  9 10 11 |
---------------+----------------------------------+-----
Shields        | 4 5 6 |  6.1
Fighting       | 4 5 7 8 10 | 10.2
Staves         | 3 4 5 8 9 10 12 | 12.2
Armour         | 5 6 7 9 |  9.3
Throwing       | 1 3 |  3.0
Invocations    | 3 6 |  6.5

Action                   |  1- 3 |  4- 6 |  7- 9 | 10-12 || total
-------------------------+-------+-------+-------+-------++-------
Melee: Quarterstaff      |    83 |   136 |   220 |   832 ||  1271
Throw: Javelin           |       |       |    11 |    18 ||    29
Invok: Heroism           |       |       |       |     5 ||     5
 Abil: Dig               |     2 |     1 |     2 |    11 ||    16
       Shaft Self        |       |       |       |     1 ||     1
Evoke: Wand              |       |       |     5 |     2 ||     7
  Use: Potion            |     1 |     3 |     6 |     6 ||    16
       Scroll            |       |     6 |     6 |     3 ||    15
  Eat: Chunk             |       |     7 |    11 |    38 ||    56
Armor: Scale mail        |    32 |    22 |    60 |    37 ||   151
       Chain mail        |       |       |       |   251 ||   251
       Ice dragon scales |       |       |       |     1 ||     1
Dodge: Dodged            |    32 |    40 |    58 |   205 ||   335
Block: Shield            |    36 |    65 |    95 |   413 ||   609
